 Dungeon Crawl Stone Soup version 0.28.0-45-g0d030f2227 (webtiles) character file.

Game seed: 6355725340086437570

161037 croobank the Warrior (level 17, 0/276 HPs)
             Began as a Hill Orc Fighter on Apr 12, 2022.
             Was the Champion of Beogh.
             Shot with a bolt by a naga sharpshooter (8 damage)
             ... led by Vashnia
             ... on level 2 of the Snake Pit.
             The game lasted 02:27:50 (24973 turns).

croobank the Warrior (Hill Orc Fighter)            Turns: 24973, Time: 02:27:51

Health: 0/276      AC: 36    Str: 29    XL:     17   Next: 48%
Magic:  0/17       EV: -1    Int:  8    God:    Beogh [******]
Gold:   2079       SH:  0    Dex: 10    Spells: 16/16 levels left

rFire   + . .      SeeInvis .   b - +8 battleaxe (flame)
rCold   . . .      Faith    .   (shield currently unavailable)
rNeg    + . .      Spirit   +   (armour currently unavailable)
rPois   +          Reflect  .   (helmet currently unavailable)
rElec   .          Harm     .   (cloak currently unavailable)
rCorr   .          Rampage  .   (gloves currently unavailable)
Will    ++...      NoTele   +   (boots currently unavailable)
Stlth   ..........              y - amulet "Qisiets" {Spirit Will+}
HPRegen 0.00/turn               Z - ring of Wopaf {Drain rF+ rN+ AC+4 Str+2}
MPRegen 0.15/turn               O - +4 ring of protection

@: tree-form, silenced, marked, inhibited regen, constricted
A: stationary, stasis, torment immunity, boosted hp, walk on water, (fire
resistance 3), (poison resistance), robust 1, inhibited regeneration, no potion
heal 1
}: 1/15 runes: decaying
a: Renounce Religion


You were on level 2 of the Snake Pit.
You worshipped Beogh.
Beogh was exalted by your worship.
You were a tree.
You visited 5 branches of the dungeon, and saw 29 of its levels.
You also visited: Gauntlet.

You collected 2957 gold pieces.
You spent 878 gold pieces at shops.

Inventory:

Hand Weapons
 a - the +11 spear of Duty {vamp, rF+ Str+4 Int+4}
   (You found it on level 5 of the Dungeon)

   It occasionally heals its wielder for a portion of the damage dealt when it
   wounds a living foe.
   Str:       It affects your strength (+4).
   Int:       It affects your intelligence (+4).
   rF:        It protects you from fire.
 b - a +8 battleaxe of flaming (weapon)
 o - a +2 flail of holy wrath
 p - a +1 scimitar of flaming
Missiles
 Q - 2 curare-tipped darts
 R - 6 datura-tipped darts
Armour
 e - the +7 plate armour of Yredelemnul's Esteem (melded) {rF+ Int-2 Slay+5}
   (You found it on level 3 of the Swamp)

   Int:       It affects your intelligence (-2).
   Slay:      It affects your accuracy & damage with ranged weapons and melee
   (+5).
   rF:        It protects you from fire.
 H - a +0 cloak (melded)
 L - a +2 pair of gloves (melded)
 N - a +0 pair of boots (melded)
 S - a +2 helmet (melded)
Jewellery
 g - an amulet of regeneration
 q - a +6 ring of strength
 x - a +4 ring of slaying
 y - the amulet "Qisiets" (around neck) {Spirit Will+}
   (You found it in a Gauntlet)

   [amulet of guardian spirit]

   It causes incoming damage to be divided between your reserves of health and
   magic.
   Will:      It increases your willpower.
 B - a +4 ring of evasion
 E - a ring of willpower
 G - the ring "Wexog" {Fire rN+}
   (You found it in a Gauntlet)

   [ring of fire]

   It enhances your fire magic.
   rF:        It protects you from fire.
   rC:        It makes you vulnerable to cold.
   rN:        It protects you from negative energy.
 K - a ring of willpower
 O - a +4 ring of protection (right branch)
 V - a ring of see invisible
 Z - the ring of Wopaf (left branch) {Drain rF+ rN+ AC+4 Str+2}
   (You found it in a Gauntlet)

   [ring of protection]

   AC:        It affects your AC (+4).
   Str:       It affects your strength (+2).
   rF:        It protects you from fire.
   rN:        It protects you from negative energy.
   Drain:     It drains your maximum health when unequipped.
Wands
 d - a wand of flame (36)
 j - a wand of mindburst (20)
 s - a wand of charming (16)
 t - a wand of iceblast (25)
 u - a wand of digging (10)
 v - a wand of paralysis (17) (quivered)
 F - a wand of acid (21)
 U - a wand of polymorph (15)
Scrolls
 f - 3 scrolls of brand weapon
 l - a scroll of holy word
 n - 11 scrolls of teleportation
 r - 4 scrolls of fear
 w - 2 scrolls of magic mapping
 D - 7 scrolls of immolation
 T - 4 scrolls of fog
 X - 11 scrolls of identify
Potions
 c - 3 potions of haste
 h - 9 potions of curing
 m - 3 potions of resistance
 z - 2 potions of invisibility
 A - 2 potions of lignification
 C - a potion of might
 J - 2 potions of flight
 W - a potion of berserk rage
Miscellaneous
 k - a box of beasts
 M - a phial of floods (inert)
 P - a condenser vane (inert)


   Skills:
 + Level 19.3 Fighting
 * Level 13.1(15.5) Axes
 - Level 11.5(13.4) Polearms
 + Level 17.8 Armour
 + Level 12.2 Dodging
 - Level 9.3 Shields


You had 16 spell levels left.
You didn't know any spells.
Your spell library contained the following spells:

 Spells                   Type           Power      Damage    Failure   Level
 Animate Skeleton         Necr           0%         N/A       41%         1
 Magic Dart               Conj           0%         1d3       41%         1
 Pain                     Necr           0%         1d4       41%         1
 Sting                    Tmut/Pois      0%         1d3       41%         1
 Summon Small Mammal      Summ           0%         N/A       41%         1
 Blink                    Tloc           0%         N/A       54%         2
 Ensorcelled Hibernation  Hex/Ice        0%         N/A       54%         2
 Passwall                 Tmut/Erth      0%         N/A       54%         2
 Poisonous Vapours        Pois/Air       0%         N/A       54%         2
 Searing Ray              Conj           0%         2d4       54%         2
 Call Canine Familiar     Summ           0%         N/A       78%         3
 Dazzling Flash           Conj/Hex       0%         N/A       78%         3
 Ignite Poison            Fire/Tmut/Pois 0%         N/A       78%         3
 Inner Flame              Hex/Fire       0%         N/A       78%         3
 Lesser Beckoning         Tloc           0%         N/A       78%         3
 Mephitic Cloud           Conj/Pois/Air  0%         N/A       78%         3
 Portal Projectile        Hex/Tloc       0%         N/A       78%         3
 Summon Guardian Golem    Hex/Summ       0%         N/A       78%         3
 Swiftness                Air            0%         N/A       78%         3
 Vampiric Draining        Necr           0%         2d6       78%         3
 Airstrike                Air            0%         N/A       99%         4
 Cause Fear               Hex            0%         N/A       99%         4
 Fulminant Prism          Conj/Hex       0%         3d6       99%         4
 Iskenderun's Mystic Bla  Conj/Tloc      0%         2d3       99%         4
 Olgreb's Toxic Radiance  Pois           0%         N/A       99%         4
 Summon Ice Beast         Ice/Summ       0%         N/A       99%         4
 Summon Lightning Spire   Summ/Air       0%         N/A       99%         4
 Agony                    Necr           0%         N/A       100%        5
 Blade Hands              Tmut           0%         N/A       100%        5
 Excruciating Wounds      Necr           0%         N/A       100%        5
 Fireball                 Conj/Fire      0%         3d3       100%        5
 Freezing Cloud           Conj/Ice/Air   0%         6-21      100%        5
 Iskenderun's Battlesphe  Conj           0%         2d6       100%        5
 Lee's Rapid Deconstruct  Erth           0%         3d5*      100%        5
 Lightning Bolt           Conj/Air       0%         1d11      100%        5
 Manifold Assault         Tloc           0%         N/A       100%        5
 Summon Forest            Summ/Tloc      0%         N/A       100%        5
 Summon Mana Viper        Hex/Summ       0%         N/A       100%        5
 Conjure Ball Lightning   Conj/Air       0%         3x3d6     100%        6
 Dispersal                Tloc           0%         N/A       100%        6
 Starburst                Conj/Fire      0%         6d3       100%        6
 Summon Cactus Giant      Summ           0%         N/A       100%        6
 Monstrous Menagerie      Summ           0%         N/A       100%        7
 Orb of Destruction       Conj           0%         9d5       100%        7
 Discord                  Hex            0%         N/A       100%        8
 Disjunction              Tloc           0%         N/A       100%        8


Dungeon Overview and Level Annotations

Branches:
Dungeon (15/15)            Temple (0/1) D:6            Lair (6/6) D:8
  Swamp (4/4) Lair:3        Snake (2/4) Lair:4        Slime (0/5) Lair:5
    Orc (2/2) D:10            Elf (0/3) Orc:2        Vaults (0/5) D:13
 Depths (0/4) D:15        Gauntlet (visited)

Altars:
Ashenzari
Cheibriados
Gozag
Kikubaaqudgha
Makhleb
Nemelex Xobeh
Okawaru
Ru
Vehumet
Xom

Shops:
D:6 *   Orc:2 !?(=   Snake:1 *


Innate Abilities, Weirdness & Mutations

You are a tree.
Your roots penetrate the ground, keeping you stationary.
You cannot be teleported.
You are immune to unholy pain and torment.
Your maximum health is greatly increased.
Your equipment is partially melded.
You can walk on water.
((Your flesh is almost immune to the effects of heat. (rF+++)))
((Your system is resistant to poisons. (rPois)))
You are robust. (+10% HP)
You do not regenerate when monsters are visible.
Potions are less effective at restoring your health.


Message History

The naga sharpshooter dies!
Beogh accepts your kill.
Beogh blesses Bogwik with healing.
Bogwik looks more experienced.
The naga sharpshooter is engulfed in blazing flames.
The naga mage spits poison at you.
The splash of poison hits Bogwik.
The black mamba is engulfed in blazing flames. x2
The naga is engulfed in blazing flames.
You kill the naga!
Beogh accepts your kill.
The anaconda is engulfed in a cloud of scalding steam.
The anaconda bites you.
* * * LOW HITPOINT WARNING * * *
The anaconda constricts you.
The shock serpent is engulfed in blazing flames.
The naga mage is engulfed in blazing flames.
You kill the naga mage!
Beogh accepts your kill.
The anaconda is engulfed in blazing flames.
The naga sharpshooter is engulfed in blazing flames.
Your system partially rejects the healing.
You feel better.
The black mamba is engulfed in blazing flames.
The anaconda is engulfed in a cloud of scalding steam.
The anaconda bites Bogwik.
The anaconda constricts you.
The naga sharpshooter is engulfed in blazing flames.
The anaconda is engulfed in blazing flames.
The anaconda grabs Morun.
The anaconda bites Morun but does no damage.
The anaconda constricts Morun.
The anaconda is engulfed in blazing flames.
Morun closely misses the shock serpent.
The shock serpent is engulfed in blazing flames.
The shock serpent's electric aura discharges, shocking you!
* * * LOW HITPOINT WARNING * * *
The naga sharpshooter is engulfed in blazing flames.
The naga sharpshooter unwields a +0 flail.
The naga sharpshooter wields a +0 arbalest.
The naga sharpshooter shoots a bolt.
The bolt hits you!
You die...

...###.. ....#
. ...#.. #...#
#.. #...# ...#
#..##.).##..#
#.......S.#
##..†<.SS##
#....†)§§o##
#..##...##S.##
#..
#...##o)♣## ..
...#..N##SN#
#..###...N#SN#
#..# ##.§§
S§§# ..# ##§§
#§§§# ##§
§§§S# ##
##§§§# ##§§ #.


You could see 3 naga sharpshooters, 3 anacondas, a shock serpent (ally target),
4 black mambas, a naga mage (ally target), the friendly Bogwik the orc warlord
(strong) and the friendly Morun the orc knight.

Vanquished Creatures
  Vashnia (Snake:2)
  2 tentacled monstrosities (Swamp:4)
  Mlioglotl (Snake:1)
  Kirke (Swamp:2)
  Aizul (Snake:1)
  Nessos (D:14)
  5 eleionomae
  A minotaur (Gauntlet)
  A bunyip (Swamp:4)
  A blizzard demon (Swamp:4)
  Josephine (D:11)
  A great orb of eyes (Gauntlet)
  5 ogre magi
  8 hydras
  2 centaur warriors (D:14)
  3 two-headed ogres
  4 ghost crabs
  4 alligators
  A tengu warrior (D:14)
  A death yak (Lair:4)
  2 orc high priests (Orc:2)
  A naga sharpshooter (Snake:1)
  5 slime creatures
  Nergalle (Orc:1)
  A shock serpent (Snake:1)
  A fire crab (Lair:5)
  2 sixfirhies (Swamp:4)
  5 skeletal warriors
  2 glowing orange brains (Gauntlet)
  2 goliath frogs
  3 spriggan druids
  2 naga ritualists
  A swamp dragon (Swamp:4)
  2 bog bodies
  2 deep elf pyromancers
  9 ugly things
  A manticore (D:9)
  5 will-o-the-wisps
  2 salamanders
  2 cyclopes
  Maurice (D:8)
  4 black mambas
  A torpor snail (Lair:6)
  A naga mage (Snake:2)
  2 elephants
  An orange demon (Swamp:4)
  11 cane toads
  A gargoyle (D:12)
  A rime drake (Lair:1)
  2 freezing wraiths (Snake:1)
  A kobold demonologist (D:14)
  5 yaktaurs
  6 komodo dragons
  A guardian mummy (D:15)
  3 tengu conjurers
  A troll (Orc:1)
  A polar bear (Lair:6)
  6 tyrant leeches
  2 hornets
  5 dream sheep
  5 blink frogs
  2 spriggans (Swamp:2)
  26 yaks
  4 shadows (Gauntlet)
  5 wraiths
  2 steam dragons
  2 basilisks
  A hog (Swamp:2)
  2 fire elementals (Orc:2)
  A neqoxec (Swamp:4)
  A human (shapeshifter) (D:13)
  A fire bat (shapeshifter) (D:13)
  7 vampire mosquitoes
  9 nagas
  8 swamp worms
  A tengu zombie (D:15)
  3 acid dragons
  Duvessa (D:6)
  10 water moccasins
  5 orc warriors
  A swamp drake (Swamp:1)
  6 black bears
  2 ice beasts
  2 sky beasts
  3 necrophages (D:5)
  8 ogres
  7 wolves
  9 centaurs
  2 boggarts (D:15)
  17 bullfrogs
  A gnoll sergeant (D:10)
  4 scorpions
  A water moccasin zombie (D:5)
  A water moccasin skeleton (D:7)
  Dowan (D:6)
  9 killer bees
  5 wights (D:7)
  An electric eel (Lair:5)
  3 howler monkeys
  2 vampire bats (D:8)
  3 centaur zombies
  3 jellies
  2 gnoll shamans
  8 orc priests
  3 hounds (D:5)
  4 centaur skeletons
  5 iguanas
  Terence (D:2)
  7 orc wizards
  A killer bee zombie (D:8)
  A hound skeleton (D:5)
  10 adders
  15 gnolls
  A shadow imp (D:6)
  A white imp (D:8)
  3 ufetubi (D:5)
  An adder skeleton (D:4)
  A worm (D:2)
  5 dart slugs
  25 orcs
  4 bats
  A bat skeleton (D:8)
  4 bat zombies (D:8)
  12 endoplasms
  6 giant cockroaches
  5 goblins
  6 hobgoblins
  4 jackals (D:4)
  5 kobolds
  3 quokkas
  7 ball pythons
  4 frilled lizards
  2 rats (D:2)
496 creatures vanquished.

Vanquished Creatures (collateral kills)
  Rupert (Lair:4)
  A tentacled monstrosity (Swamp:4)
  Jorgrun (Swamp:2)
  A thorn hunter (Swamp:3)
  4 fenstrider witches (Swamp:4)
  A juggernaut skeleton (D:15)
  4 eleionomae
  Azrael (Orc:2)
  Snorg (Orc:1)
  A blizzard demon (Swamp:4)
  An ettin (Orc:2)
  2 shambling mangroves (Swamp:4)
  2 naga warriors
  A spriggan zombie (D:15)
  2 ogre magi (Swamp:4)
  8 hydras
  2 anacondas
  3 centaur warriors
  5 death yaks (Lair:4)
  3 boulder beetles
  6 tengu warriors
  6 alligators
  6 two-headed ogres
  3 orc high priests
  A spriggan berserker (Swamp:2)
  A naga sharpshooter (Snake:2)
  A deep elf knight (D:13)
  3 skeletal warriors
  6 goliath frogs
  2 spriggan druids (Swamp:1)
  A swamp dragon (Swamp:3)
  A flayed ghost (D:15)
  3 bog bodies
  3 wizards (Swamp:4)
  A necromancer (D:15)
  An orc knight (D:14)
  4 deep elf pyromancers
  3 orc sorcerers
  A salamander (Snake:1)
  A deep elf zephyrmancer (D:13)
  2 mana vipers (Snake:2)
  4 will-o-the-wisps
  A cyclops (D:12)
  A manticore (D:13)
  5 ugly things
  15 elephants
  A stone giant skeleton (D:15)
  8 black mambas
  A naga mage (Snake:1)
  6 cane toads
  Psyche (D:10)
  2 centaur skeletons (D:13)
  2 yaktaurs
  3 freezing wraiths
  9 komodo dragons
  2 tengu conjurers
  A polar bear (shapeshifter) (D:15)
  2 trolls
  5 tyrant leeches
  6 polar bears
  5 slime creatures
  2 hornets (Swamp:3)
  14 blink frogs
  Prince Ribbit (D:9)
  5 dream sheep
  A jumping spider (shapeshifter) (D:14)
  4 spriggans
  13 yaks
  3 wraiths
  A fire elemental (Orc:2)
  A hog (Swamp:2)
  A basilisk (Lair:2)
  7 vampire mosquitoes
  A neqoxec (Swamp:4)
  7 swamp worms
  4 nagas
  7 water moccasins
  2 hell hounds (Orc:2)
  4 black bears
  A meliai simulacrum (D:15)
  8 orc warriors
  A swamp drake (Swamp:1)
  2 boggarts (D:15)
  5 wolves
  2 ogres
  6 centaurs
  8 bullfrogs
  2 killer bees (D:10)
  3 electric eels
  A lava snake (D:14)
  A jelly (Lair:5)
  10 orc priests
  A gnoll shaman (D:10)
  An iguana (Lair:2)
  12 orc wizards
  A killer bee zombie (D:9)
  2 gnolls (D:10)
  11 orcs
  An endoplasm (Lair:5)
  3 bushes (Lair:5)
  2 butterflies (D:9)
343 creatures vanquished.

Vanquished Creatures (others)
  2 orc warlords
  4 orc knights
  A hydra (D:15)
  A centaur warrior (D:14)
  An orc high priest (Swamp:3)
  2 orc sorcerers
  A spriggan druid (Swamp:4)
  A bloated husk (Swamp:4)
  A hornet (Swamp:4)
  3 spriggans (Swamp:4)
  A swamp worm (Swamp:2)
  4 orc warriors
  7 orc priests
  9 orc wizards
  28 orcs
  16 demonic plants (Gauntlet)
  30 foxfires
  63 fungi
  109 plants
  2 withered plants (D:15)
286 creatures vanquished.

Grand Total: 1125 creatures vanquished

Notes
Turn   | Place    | Note
-------+----------+-------------------------------------------
     0 | D:1      | croobank the Hill Orc Fighter began the quest for the Orb.
     0 | D:1      | Reached XP level 1. HP: 19/19 MP: 1/1
   100 | D:1      | Reached XP level 2. HP: 20/27 MP: 2/2
   388 | D:1      | Reached skill level 4 in Fighting
   504 | D:1      | Reached XP level 3. HP: 30/33 MP: 3/3
  1229 | D:2      | Reached XP level 4. HP: 40/40 MP: 4/4
  1484 | D:2      | Noticed Terence
  1490 | D:2      | Killed Terence
  1898 | D:3      | Found a sparkling altar of Nemelex Xobeh.
  1973 | D:3      | Reached XP level 5. HP: 47/47 MP: 5/5
  2013 | D:3      | Noticed a black bear
  2026 | D:3      | Killed a black bear
  2255 | D:3      | Became a worshipper of Beogh the Brigand
  2257 | D:3      | Reached skill level 5 in Fighting
  2501 | D:4      | Reached XP level 6. HP: 55/56 MP: 6/6
  3008 | D:4      | Reached * piety under Beogh
  3013 | D:4      | Reached skill level 5 in Axes
  3177 | D:4      | Noticed a black bear
  3185 | D:4      | Killed a black bear
  3186 | D:4      | Reached skill level 5 in Armour
  3186 | D:4      | Reached skill level 5 in Shields
  3403 | D:4      | Reached XP level 7. HP: 59/61 MP: 7/7
  3662 | D:5      | Entered Level 5 of the Dungeon
  3856 | D:5      | Reached skill level 6 in Fighting
  3860 | D:5      | Identified the +11 spear of Duty {vamp, rF+ Str+4 Int+4}
  3958 | D:5      | Noticed a steam dragon
  3985 | D:5      | Reached skill level 1 in Polearms
  4001 | D:5      | Reached XP level 8. HP: 55/71 MP: 8/8
  4070 | D:5      | Reached ** piety under Beogh
  4074 | D:5      | Reached skill level 7 in Fighting
  4255 | D:5      | Found a sacrificial altar of Ru.
  4312 | D:5      | Reached XP level 9. HP: 79/79 MP: 9/9
  4574 | D:5      | You fall into a shaft and drop 1 floor!
  4641 | D:6      | Reached skill level 8 in Fighting
  4688 | D:6      | Found a broken altar of Ashenzari.
  4688 | D:6      | Found a radiant altar of Vehumet.
  4712 | D:6      | Found Gozag's Platinum Reserve.
  4712 | D:6      | Found an opulent altar of Gozag.
  5047 | D:6      | Reached skill level 5 in Polearms
  5047 | D:6      | Noticed Duvessa
  5053 | D:6      | Noticed Dowan
  5076 | D:6      | Killed Duvessa
  5089 | D:6      | Killed Dowan
  5156 | D:6      | Found a staircase to the Ecumenical Temple.
  5345 | D:7      | Found a burning altar of Makhleb.
  5408 | D:7      | Reached skill level 9 in Fighting
  5413 | D:7      | Reached XP level 10. HP: 76/91 MP: 10/10
  5415 | D:7      | Reached *** piety under Beogh
  6109 | D:8      | Found a staircase to the Lair.
  6194 | D:8      | Found a snail-covered altar of Cheibriados.
  6199 | D:8      | Noticed a two-headed ogre
  6209 | D:8      | Killed a two-headed ogre
  6212 | D:8      | Reached skill level 10 in Fighting
  6243 | D:8      | Noticed Maurice
  6263 | D:8      | Killed Maurice
  6592 | D:8      | Found an ancient bone altar of Kikubaaqudgha.
  7020 | D:9      | Reached **** piety under Beogh
  7105 | D:9      | Noticed a manticore
  7119 | D:9      | Killed a manticore
  7120 | D:9      | Reached skill level 1 in Dodging
  7271 | D:9      | Killed a very large slime creature
  7272 | D:9      | Reached XP level 11. HP: 101/101 MP: 11/11
  7351 | D:9      | Found a shimmering altar of Xom.
  7512 | D:9      | Noticed Prince Ribbit
  7521 | D:9      | Killed Prince Ribbit
  7561 | D:10     | Entered Level 10 of the Dungeon
  7590 | D:10     | Noticed a two-headed ogre
  7595 | D:10     | Killed a two-headed ogre
  7596 | D:10     | Reached skill level 10 in Armour
  7719 | D:10     | Noticed Psyche
  7729 | D:10     | Killed Psyche
  7772 | D:10     | Reached skill level 11 in Fighting
  7852 | D:10     | Gained Brunolf as an ally
  7989 | D:10     | Found a staircase to the Orcish Mines.
  8100 | D:10     | Got the Handbook of Fetching Clay
  8217 | D:11     | Noticed Josephine
  8227 | Orc:1    | Entered Level 1 of the Orcish Mines
  8380 | Orc:1    | Noticed Snorg
  8385 | Orc:1    | Noticed an orc sorcerer
  8397 | Orc:1    | Killed an orc sorcerer
  8400 | Orc:1    | Killed Snorg
  8453 | Orc:1    | Noticed an orc high priest
  8464 | Orc:1    | Killed an orc high priest
  8509 | Orc:1    | Noticed Nergalle
  8517 | Orc:1    | Killed Nergalle
  8730 | Orc:1    | Found Dyjanofe's Distillery.
  8831 | Orc:2    | Entered Level 2 of the Orcish Mines
  8831 | Orc:2    | Noticed an orc sorcerer
  8835 | Orc:2    | Killed an orc sorcerer
  8839 | Orc:2    | Noticed an ettin
  8843 | Orc:2    | Found a staircase to the Elven Halls.
  8846 | Orc:2    | Killed an ettin
  8887 | Orc:2    | Gained mutation: You are robust. (+10% HP) [potion of
                  | mutation]
  8887 | Orc:2    | Gained mutation: Your flesh is heat resistant. (rF+)
                  | [potion of mutation]
  8887 | Orc:2    | Gained mutation: You have hidden genetic potential. [potion
                  | of mutation]
  8887 | Orc:2    | Gained mutation: Your system is resistant to poisons.
                  | (rPois) [potion of mutation]
  8925 | Orc:2    | Noticed an orc high priest
  8929 | Orc:2    | Noticed an orc high priest
  8932 | Orc:2    | Killed an orc high priest
  8933 | Orc:2    | Noticed an orc sorcerer
  8934 | Orc:2    | Noticed a sixfirhy
  8934 | Orc:2    | Noticed an orc high priest
  8934 | Orc:2    | Noticed a sun demon
  8938 | Orc:2    | Noticed a sixfirhy
  8944 | Orc:2    | Reached XP level 12. HP: 92/123 MP: 12/12
  8945 | Orc:2    | Killed an orc high priest
  8946 | Orc:2    | Reached skill level 12 in Fighting
  8946 | Orc:2    | Noticed an orc high priest
  8964 | Orc:2    | Killed an orc high priest
  8967 | Orc:2    | Killed an orc high priest
  8967 | Orc:2    | Reached ***** piety under Beogh
  8974 | Orc:2    | Found Toydos's Magic Scroll Boutique.
  8974 | Orc:2    | Found Xuokehur's Distillery.
  8974 | Orc:2    | Found Majexkiq's Antique Weapon Shop.
  9047 | Orc:2    | Found Puhywn's Jewellery Shop.
  9061 | Orc:2    | Bought a scroll of enchant weapon for 90 gold pieces
  9063 | Orc:2    | Bought a potion of heal wounds for 70 gold pieces
  9063 | Orc:2    | Bought a potion of heal wounds for 70 gold pieces
  9063 | Orc:2    | Bought a potion of heal wounds for 70 gold pieces
  9063 | Orc:2    | Bought a potion of might for 56 gold pieces
  9066 | Orc:2    | Bought a ring of willpower for 350 gold pieces
  9191 | Orc:2    | Noticed Azrael
  9207 | Orc:2    | Killed Azrael
  9887 | Lair:1   | Entered Level 1 of the Lair of Beasts
  9916 | Lair:1   | Reached skill level 10 in Polearms
  9920 | Lair:1   | Reached skill level 5 in Dodging
 10214 | Lair:1   | Gained mutation: Your flesh is very heat resistant. (rF++)
                  | [hidden potential]
 10783 | Lair:2   | Reached skill level 13 in Fighting
 11690 | Lair:3   | Gained Bogbarth as an ally
 11794 | Lair:3   | Noticed a four-headed hydra
 11801 | Lair:3   | Killed a four-headed hydra
 11802 | Lair:3   | Reached XP level 13. HP: 134/134 MP: 13/13
 12029 | Lair:3   | Found a staircase to the Swamp.
 12411 | Lair:4   | Found a staircase to the Snake Pit.
 12497 | Lair:4   | Reached ****** piety under Beogh
 12501 | Lair:4   | Gained Morun as an ally
 12509 | Lair:4   | Gained mutation: Your flesh is almost immune to the effects
                  | of heat. (rF+++) [hidden potential]
 12509 | Lair:4   | Lost mutation: You have hidden genetic potential. [hidden
                  | potential expressed]
 12662 | Lair:4   | Reached skill level 14 in Fighting
 13002 | Lair:4   | Noticed Rupert
 13010 | Lair:4   | Killed Rupert
 13853 | Lair:5   | Found a shimmering altar of Xom.
 13867 | Lair:5   | Found a staircase to the Slime Pits.
 14180 | Lair:6   | Entered Level 6 of the Lair of Beasts
 14423 | Lair:6   | Identified the +5 trident "Xidghopusa" {vorpal, MP+9}
 14471 | Lair:6   | Reached XP level 14. HP: 118/146 MP: 14/14
 14533 | Lair:6   | Reached skill level 15 in Fighting
 14596 | Lair:6   | Gained Bogwik as an ally
 14605 | Lair:6   | Identified the +3 leather armour of the Past {rPois Int+3}
 14613 | Lair:6   | Gained Rocco as an ally
 14952 | Lair:6   | Gained Blodwig as an ally
 15530 | D:11     | Killed Josephine
 15956 | D:11     | Found an iron altar of Okawaru.
 16898 | D:12     | Reached skill level 16 in Fighting
 17087 | D:13     | Reached skill level 15 in Armour
 17536 | D:13     | Found a gate to the Vaults.
 18185 | D:14     | Reached XP level 15. HP: 159/159 MP: 15/15
 18255 | D:14     | Noticed Nessos
 18265 | D:14     | Killed Nessos
 18432 | D:14     | Reached skill level 10 in Dodging
 18432 | D:14     | Your ally Brunolf died
 18525 | D:14     | Reached skill level 17 in Fighting
 18566 | D:14     | Gained Jorge as an ally
 18639 | D:14     | Found a shimmering altar of Xom.
 19097 | D:15     | Entered Level 15 of the Dungeon
 19159 | D:15     | Found a gate leading to a gauntlet.
 19176 | Gauntlet | Entered a Gauntlet
 19176 | Gauntlet | Found a transporter.
 19176 | Gauntlet | Found a transporter.
 19189 | Gauntlet | Found a transporter.
 19213 | Gauntlet | Found a transporter.
 19214 | Gauntlet | Identified the ring "Wexog" {Fire rN+}
 19227 | Gauntlet | Found a transporter.
 19259 | Gauntlet | Found a transporter.
 19360 | Gauntlet | Identified the amulet "Qisiets" {Spirit Will+}
 19372 | Gauntlet | Found a transporter.
 19393 | Gauntlet | Found a transporter.
 19401 | Gauntlet | Found a transporter.
 19417 | Gauntlet | Found a transporter.
 19419 | Gauntlet | Identified the ring of Wopaf {Drain rF+ rN+ AC+4 Str+2}
 19625 | D:15     | Found a staircase to the Depths.
 20624 | Swamp:1  | Entered Level 1 of the Swamp
 20749 | Swamp:1  | Reached skill level 18 in Fighting
 20861 | Swamp:1  | Reached XP level 16. HP: 172/172 MP: 16/16
 21486 | Swamp:2  | Noticed Kirke
 21493 | Swamp:2  | Killed Kirke
 21746 | Swamp:2  | Noticed Jorgrun
 21759 | Swamp:2  | Killed Jorgrun
 22073 | Swamp:3  | Noticed a thorn hunter
 22080 | Swamp:3  | Killed a thorn hunter
 22586 | Swamp:3  | Identified the +7 plate armour of Yredelemnul's Esteem {rF+
                  | Int-2 Slay+5}
 22711 | Swamp:4  | Entered Level 4 of the Swamp
 22714 | Swamp:4  | Noticed a tentacled monstrosity
 22721 | Swamp:4  | Killed a tentacled monstrosity
 22797 | Swamp:4  | Reached skill level 10 in Axes
 22880 | Swamp:4  | Noticed a tentacled monstrosity
 22890 | Swamp:4  | Killed a tentacled monstrosity
 22994 | Swamp:4  | Noticed a fenstrider witch
 23002 | Swamp:4  | Paralysed by a fenstrider witch for 3 turns
 23006 | Swamp:4  | Killed a fenstrider witch
 23009 | Swamp:4  | Noticed a fenstrider witch
 23014 | Swamp:4  | Killed a fenstrider witch
 23015 | Swamp:4  | Reached XP level 17. HP: 91/182 MP: 17/17
 23017 | Swamp:4  | Gained mutation: Potions are less effective at restoring
                  | your health. [a neqoxec]
 23018 | Swamp:4  | Gained mutation: You do not regenerate when monsters are
                  | visible. [a neqoxec]
 23100 | Swamp:4  | Got a decaying rune of Zot
 23375 | Swamp:4  | Noticed a tentacled monstrosity
 23384 | Swamp:4  | Killed a tentacled monstrosity
 23558 | Swamp:4  | Reached skill level 19 in Fighting
 23561 | Swamp:4  | Paralysed by a fenstrider witch for 7 turns
 23585 | Swamp:4  | Your ally Bogbarth died
 23999 | Snake:1  | Entered Level 1 of the Snake Pit
 24018 | Snake:1  | Found Sola's Assorted Antiques.
 24029 | Snake:1  | Bought a scroll of enchant weapon for 172 gold pieces
 24084 | Snake:1  | Noticed Mlioglotl
 24092 | Snake:1  | Noticed a tentacled starspawn
 24100 | Snake:1  | Killed Mlioglotl
 24477 | Snake:1  | Noticed Aizul
 24488 | Snake:1  | Your ally Jorge died
 24495 | Snake:1  | Killed Aizul
 24954 | Snake:2  | Noticed Vashnia
 24963 | Snake:2  | Your ally Rocco died
 24968 | Snake:2  | Killed Vashnia
 24968 | Snake:2  | Your ally Blodwig died
 24972 | Snake:2  | HP: 10/276 [shock serpent/bolt of electricity (17)]
 24973 | Snake:2  | Shot with a bolt by a naga sharpshooter

Illustrated notes

Levels and vault maps discovered:
D:1:      lemuel_arrival_room, layout_rooms, minmay_quantized
D:2:      layout_rooms, kennysheep_donut, uniq_terence
D:3:      layout_loops_ring, nemelex_spade_bored_becter, serial_bayou_pond_b
D:4:      layout_loops_ring
D:5:      minmay_clustersquares, layout_basic, nicolae_ru_the_path_less_chosen,
          chequers_serial_rivers_small_3
D:6:      layout_basic, nicolae_gozag_zags_fifth_avenue,
          chequers_temple_overflow_statue_of_worship,
          minmay_temple_entry_nine_rooms, uniq_duvessa
D:7:      layout_gridville, lemuel_coloured_pillars_altar
D:8:      layout_rooms, kennysheep_vampire_church,
          mainiacjoe_overflow_cross_hatched, lair_entry_dummy, uniq_maurice
D:9:      layout_stronghold, xom_butterflies, uniq_prince_ribbit1
D:10:     layout_loops_cross, david_orc_3, uniq_psyche
D:11:     layout_cave_pods, minmay_misc_feat_iff, okawaru_metal_pillars_1_2,
          uniq_josephine
D:12:     layout_loops_cross
D:13:     layout_irregular_city, hangedman_vaults_entry_quadrant_bands
D:14:     minmay_blocking_statues, layout_gridville, xom_teletrap_fun,
          grunt_decor_junction, uniq_nessos
D:15:     gammafunk_depths_entry_grave, layout_gridville,
          gauntlet_entry_generic, minmay_misc_feat_nine_boxes,
          lemuel_flamethrower_2
Lair:1:   beast_lair_carwin_large_2, layout_gridlike
Lair:2:   beast_lair_carwin_large_1, layout_concentric_octagons,
          lemuel_old_faithful, serial_bayou_shore_a
Lair:3:   layout_loops_ring, nicolae_swamp_entry_splash_gauntlet
Lair:4:   layout_regular_city, guppyfry_snake_entry_island,
          serial_bayou_shore_b, grunt_megastairs_5, uniq_rupert
Lair:5:   layout_small_grid, nicolae_slime_entry_slimehenge, basic_altar,
          lookout_lair_type, grunt_megastairs_4
Lair:6:   minmay_lair_end_frog_pond, layout_regular_city,
          chequers_serial_rivers_micro_d, hibernation_bobbens
Swamp:1:  layout_basic_swamp, evilmike_swamp_ruin_rubble_2
Swamp:2:  layout_falls_marsh, serial_swamp_ruin, evilmike_swamp_ruin_house_6,
          hangedman_swamp_ruin_hall, evilmike_swamp_ruin_house_5,
          infiniplex_staircase_pool, uniq_kirke, uniq_jorgrun
Swamp:3:  layout_basic_swamp, nicolae_swamp_triple_paths
Swamp:4:  nzn_swamp_witches_coven, layout_basic_swamp
Snake:1:  layout_misc_corridors, portal_ice_cave_entry_frozen_things,
          serial_shops, shop, uniq_aizul, uniq_mlioglotl
Snake:2:  nicolae_snake_crotalidae_crossing, layout_onion, drop_trap,
          uniq_louise, uniq_vashnia
Orc:1:    layout_diamond_mine, serial_shops, nicolae_shop_crystal,
          nicolae_orc_rockfall, uniq_nergalle, uniq_snorg
Orc:2:    st_orc_mages, layout_caves, minmay_orc_keep, uniq_azrael

Skill      XL: |  1  2  3  4  5  6  7  8  9 10 11 12 13 14 15 16 17 |
---------------+----------------------------------------------------+-----
Axes           | 3 4 5 6 11 13 | 13.1
Fighting       | 4 5 6 7 9 10 11 13 14 16 18 19 | 19.3
Armour         | 4 5 6 8 9 10 12 13 15 16 17 | 17.8
Shields        | 4 5 6 8 9 |  9.3
Polearms       | 1 3 5 7 9 10 11 | 11.5
Dodging        | 1 4 6 7 9 11 12 | 12.2

Action                   |  1- 3 |  4- 6 |  7- 9 | 10-12 | 13-15 | 16-18 || total
-------------------------+-------+-------+-------+-------+-------+-------++-------
Melee: War axe           |    89 |   134 |    44 |       |       |       ||   267
       Spear             |       |       |   205 |   528 |   232 |    17 ||   982
       Battleaxe         |       |       |       |       |   422 |   310 ||   732
       Flail             |       |       |       |       |    11 |       ||    11
 Fire: Hunting sling     |       |       |     1 |       |       |       ||     1
Invok: Convert to Beogh  |       |     1 |       |       |       |       ||     1
       Smiting           |       |       |       |     4 |     9 |     5 ||    18
       Give Item to Name |       |       |       |     1 |     3 |     1 ||     5
       Recall Orcish Fol |       |       |       |       |     3 |     1 ||     4
Evoke: Wand              |       |     5 |       |     9 |       |     2 ||    16
       Phial of floods   |       |       |       |       |     1 |     1 ||     2
       Condenser vane    |       |       |       |       |       |     1 ||     1
  Use: Potion            |       |     2 |       |    15 |    11 |     8 ||    36
       Scroll            |       |     3 |     5 |     7 |    14 |     2 ||    31
 Stab: Distracted        |       |       |       |     4 |     7 |     3 ||    14
       Invisible         |       |       |       |     4 |       |       ||     4
Armor: Scale mail        |    41 |    41 |       |       |       |       ||    82
       Skin              |       |     3 |       |       |       |     2 ||     5
       Chain mail        |       |     2 |   106 |    37 |       |       ||   145
       Plate armour      |       |       |       |   105 |   439 |   314 ||   858
Dodge: Dodged            |    42 |    51 |    63 |   185 |   487 |   194 ||  1022
Block: Buckler           |    27 |    50 |    73 |   114 |    42 |       ||   306
